 Dungeon Crawl Stone Soup version 0.29-a0-233-g1125b37a9b (webtiles) character file.

Game seed: 13582489337365362936

5534 drugrobin the Cleaver (level 10, -2/90 HPs)
             Began as a Demigod Fighter on Mar 1, 2022.
             Slain by a kobold brigand
             ... wielding a +0 war axe
              (10 damage)
             ... in a bailey.
             The game lasted 00:16:57 (8569 turns).

drugrobin the Cleaver (Demigod Fighter)             Turns: 8569, Time: 00:16:57

Health: -2/90      AC: 22    Str: 29    XL:     10   Next: 20%
Magic:  13/13      EV:  5    Int: 10    God:
Gold:   1163       SH:  4    Dex: 13    Spells: 9/9 levels left

rFire   . . .      SeeInvis .   a - +9 spear of Ewnud Nuuck {venom, rC+ Will+ Stlth-}
rCold   + . .      Faith    .   c - +0 buckler
rNeg    . . .      Spirit   .   n - +0 crystal plate armour
rPois   .          Reflect  .   (no helmet)
rElec   .          Harm     .   A - +0 cloak
rCorr   .          Rampage  .   B - +0 pair of gloves
Will    ++...                   (no boots)
Stlth   ..........              (no amulet)
HPRegen 0.25/turn               (no ring)
MPRegen 0.13/turn               (no ring)

@: no status effects
A: high MP 1, forlorn, divine attributes
a: no special abilities


You were in a bailey.
You visited 1 branch of the dungeon, and saw 9 of its levels.
You also visited: Sewer and Bailey.

You collected 1396 gold pieces.
You spent 233 gold pieces at shops.

Inventory:

Hand Weapons
 a - the +9 spear of Ewnud Nuuck (weapon) {venom, rC+ Will+ Stlth-}
   (You found it on level 2 of the Dungeon)

   It poisons the flesh of those it strikes.
   rC:        It protects you from cold.
   Will:      It increases your willpower.
   Stlth:     It makes you less stealthy.
 b - a +0 hunting sling
 g - a +2 war axe
 v - a +0 dagger of venom
Missiles
 j - 238 stones
 s - 22 boomerangs (quivered)
 y - a throwing net
 I - 20 poisoned darts
Armour
 c - a +0 buckler (worn)
 n - a +0 crystal plate armour (worn)
 A - a +0 cloak (worn)
 B - a +0 pair of gloves (worn)
Magical Staves
 w - a staff of poison
Wands
 u - a wand of flame (3)
 E - a wand of acid (12)
Scrolls
 e - 7 scrolls of teleportation
 k - a scroll of immolation {unknown}
 m - a scroll of fog
 o - a scroll of enchant armour
 q - a scroll of vulnerability
 r - 2 scrolls of blinking {unknown}
 t - 2 scrolls of magic mapping
 z - a scroll of holy word {unknown}
 D - a scroll of summoning {unknown}
 F - 2 scrolls of fear
 J - a scroll of enchant weapon
 K - a scroll of identify
Potions
 d - a potion of might
 f - 2 potions of magic
 h - 2 potions of brilliance
 i - a potion of cancellation
 l - 4 potions of flight
 p - a potion of mutation
 x - a potion of ambrosia
 C - 3 potions of curing
 G - a potion of attraction
 L - a potion of berserk rage {unknown}


   Skills:
 + Level 8.4 Fighting
 + Level 9.2 Axes
 + Level 8.4 Armour
 - Level 2.6 Shields


You had 9 spell levels left.
You didn't know any spells.
Your spell library contained the following spells:

 Spells                   Type           Power      Damage    Failure   Level
 Sandblast                Erth           0%         2d4       100%        1
 Slow                     Hex            0%         N/A       100%        1
 Ensorcelled Hibernation  Hex/Ice        0%         N/A       100%        2
 Passwall                 Tmut/Erth      0%         N/A       100%        2
 Confusing Touch          Hex            0%         N/A       100%        3
 Stone Arrow              Conj/Erth      0%         3d7       100%        3
 Swiftness                Air            0%         N/A       100%        3
 Vampiric Draining        Necr           0%         2d6       100%        3
 Yara's Violent Unravell  Hex/Tmut       0%         3d3       100%        5
 Enfeeble                 Hex            0%         N/A       100%        7


Dungeon Overview and Level Annotations

Branches:
Dungeon (9/15)             Temple (0/1) D:7            Lair (0/6) D:9
    Orc (0/2) D:9           Sewer (visited)          Bailey (1/1)

Shops:
D:2 [   D:7 [:?:


Innate Abilities, Weirdness & Mutations

You have an increased reservoir of magic. (+10% MP)
You shall have no god before yourself.
Your divine heritage dramatically boosts your attributes as you level up.


Message History

Press: ? - help, Shift-Dir - straight line, f/p - orc knight
Aim: an orc knight, wielding a +0 battleaxe and wearing a +0 chain mail (58% to hit)
You throw a curare-tipped dart.
The curare-tipped dart closely misses the orc knight.
The curare-tipped dart hits the orc warrior.
The orc warrior looks even sicker.
The orc warrior convulses.
You kill the orc warrior!
The orc knight hits you with a +0 battleaxe!
Unknown command.
Unknown command.
Unknown command.
You barely miss the orc knight.
Unknown command.
There is an open gate here.
You barely miss the orc knight.
The orc knight hits you with a +0 battleaxe!
* * * LOW HITPOINT WARNING * * *
Unknown command.
Unknown command.
Things that are here:
a +0 war axe; a kobold skeleton The kobold brigand hits you with a +0 war axe!
* * * LOW HITPOINT WARNING * * *
The orc knight hits you with a +0 battleaxe!
* * * LOW HITPOINT WARNING * * *
There is an open gate here.
You see here a kobold skeleton.
Unknown command.
Unknown command.
Unknown command.
Unknown command.
Unknown command.
The kobold brigand hits you but does no damage.
Unknown command.
Unknown command.
Unknown command.
Unknown command.
The kobold brigand hits you with a +0 war axe!
You die...

#.###≈≈.......≈≈###
#....≈≈.......≈≈...
#.###≈≈.......≈≈###
#....≈≈.......≈≈...
#####≈≈.......≈≈###
##≈....(..≈##
####...#### #.).#
#.@.# #.K.# ##'o'##
##.÷∩).## #....)..#
#...∩...# ##.....##
#######


You could see an orc knight and a kobold brigand.

Vanquished Creatures
  Pikel (D:4)
  A wyvern (D:8)
  5 yaks (D:8)
  2 wargs (D:9)
  Edmund (D:4)
  3 ice beasts
  2 orc warriors
  A sky beast (D:8)
  2 ogres (D:5)
  2 phantoms
  5 centaurs
  Blork the orc (D:6)
  7 kobold brigands
  5 bullfrogs
  2 necrophages (D:6)
  4 scorpions
  8 wights
  2 gnoll shamans
  2 hounds
  5 orc priests
  3 jellies
  7 orc wizards
  An iguana (D:4)
  12 gnolls
  13 adders
  A river rat (D:4)
  A white imp (D:7)
  3 ufetubi
  3 worms
  A dart slug (D:5)
  39 orcs
  6 endoplasms
  10 giant cockroaches
  6 goblins
  9 hobgoblins
  2 jackals (D:1)
  13 quokkas
  19 ball pythons
  A bat (D:2)
  7 frilled lizards
  24 kobolds
  5 rats
247 creatures vanquished.

Notes
Turn   | Place    | Note
-------+----------+-------------------------------------------
     0 | D:1      | drugrobin the Demigod Fighter began the quest for the Orb.
     0 | D:1      | Reached XP level 1. HP: 18/18 MP: 3/3
    71 | D:1      | Reached skill level 2 in Axes
   375 | D:1      | Reached XP level 2. HP: 22/25 MP: 4/4
   581 | D:1      | You fall into a shaft and drop 1 floor!
   665 | D:2      | Reached skill level 3 in Axes
   964 | D:2      | Reached XP level 3. HP: 25/30 MP: 5/5
  1130 | D:2      | Identified the +9 spear of Ewnud Nuuck {venom, rC+ Will+
                  | Stlth-}
  1277 | D:2      | Found Kujuem Soale's Antique Armour Emporium.
  1911 | D:3      | Reached skill level 4 in Axes
  2200 | D:3      | Reached XP level 4. HP: 34/37 MP: 6/6
  2725 | D:3      | Reached XP level 5. HP: 42/45 MP: 7/7
  3062 | D:4      | Noticed Pikel
  3084 | D:4      | Killed Pikel
  3085 | D:4      | Reached skill level 5 in Axes
  3085 | D:4      | Reached XP level 6. HP: 34/53 MP: 8/8
  3085 | D:4      | Reached XP level 7. HP: 38/60 MP: 9/9
  3316 | D:4      | Noticed Edmund
  3334 | D:4      | Killed Edmund
  3390 | D:4      | Reached skill level 6 in Axes
  3401 | D:4      | Found a glowing drain.
  3414 | Sewer    | Entered a sewer
  3660 | Sewer    | Reached skill level 5 in Armour
  3668 | Sewer    | Reached skill level 5 in Fighting
  3992 | D:5      | Entered Level 5 of the Dungeon
  4099 | D:5      | Reached XP level 8. HP: 67/68 MP: 10/10
  4532 | D:5      | Reached skill level 7 in Axes
  5213 | D:6      | Noticed Blork the orc
  5237 | D:6      | Killed Blork the orc
  6068 | D:7      | Reached XP level 9. HP: 73/78 MP: 11/11
  6211 | D:7      | Found a staircase to the Ecumenical Temple.
  6574 | D:7      | Found Cotycruajo's Book Shop.
  6575 | D:7      | Found Feoriot's Armour Shop.
  6604 | D:7      | Identified the +7 glaive of Greatest Utility {venom, Will++
                  | Str-2 Int+2}
  6625 | D:7      | Found Edeshriot's Book Shop.
  6626 | D:7      | Found Qume's Magic Scroll Shop.
  6645 | D:7      | Bought a scroll of teleportation for 39 gold pieces
  6645 | D:7      | Bought a scroll of fear for 45 gold pieces
  6645 | D:7      | Bought a scroll of magic mapping for 45 gold pieces
  6645 | D:7      | Bought a scroll of teleportation for 39 gold pieces
  6645 | D:7      | Bought a scroll of teleportation for 39 gold pieces
  6645 | D:7      | Bought a scroll of identify for 26 gold pieces
  6935 | D:8      | Reached skill level 8 in Axes
  7049 | D:8      | Noticed a +0 dagger
  7051 | D:8      | Noticed a +0 hand axe
  8068 | D:9      | Reached XP level 10. HP: 88/88 MP: 13/13
  8081 | D:9      | Reached skill level 9 in Axes
  8095 | D:9      | Found a staircase to the Lair.
  8186 | D:9      | Found a flagged portal.
  8197 | Bailey   | Entered a bailey
  8513 | Bailey   | Noticed an orc knight
  8569 | Bailey   | Slain by a kobold brigand

Illustrated notes

Levels and vault maps discovered:
D:1:      dpeg_arrival_pits, layout_basic,
          hellmonk_ecumenical_altar_inner_sanctum
D:2:      layout_loops_cross, serial_shops, nicolae_shop_behind_doors,
          guppyfry_early_orc_mine
D:3:      layout_basic, mainiacjoe_overflow_brackets
D:4:      layout_rooms, portal_sewer_entry_e, sigmund_army, uniq_pikel,
          uniq_edmund
D:5:      layout_loops_ring, chequers_temple_overflow_statue_of_worship
D:6:      layout_basic, nicolae_concentric_dashed_squares_wild,
          uniq_blork_the_orc
D:7:      layout_rooms, nicolae_sif_muna_condensation,
          trog_three_pillars_becter, minmay_temple_entry_drinking_statues,
          chequers_mini_garden, minmay_shop_grid_forest, lemuel_another_geyser
D:8:      layout_gridville, amcnicky_altar_gilded, dancing_weapons_uskayaw,
          overflow_temple_1_default, st_stairs_3
D:9:      minmay_quarter_circles, layout_irregular_city, lemuel_round_altar,
          erik_lair_orcish_takeover, orc_david_3, enter_bailey_4, serial_shops,
          shop
Bailey:   bailey_axe_3, bailey

Skill      XL: |  1  2  3  4  5  6  7  8  9 10 |
---------------+-------------------------------+-----
Axes           | 2 3 4 5 6 7 8 9 |  9.2
Fighting       | 3 4 5 6 8 |  8.4
Armour         | 3 4 5 6 8 |  8.4
Shields        | |  2.6

Action                   |  1- 3 |  4- 6 |  7- 9 | 10-12 || total
-------------------------+-------+-------+-------+-------++-------
Melee: War axe           |    59 |       |       |       ||    59
       Spear             |    39 |    52 |   442 |    83 ||   616
 Fire: Hunting sling     |     5 |       |     2 |       ||     7
Throw: Boomerang         |       |       |     1 |       ||     1
       Dart              |       |       |       |     1 ||     1
  Use: Scroll            |       |       |    13 |       ||    13
Armor: Scale mail        |    16 |       |       |       ||    16
       Crystal plate arm |    35 |    45 |   316 |    73 ||   469
Dodge: Dodged            |    21 |     9 |    71 |    26 ||   127
Block: Buckler           |    14 |    14 |    98 |    24 ||   150

Table legend: (Time is in decaauts)
 A = Elapsed time spent in this place.
 B = Non-inter-level travel time spent in this place.
 C = Inter-level travel time spent in this place.
 D = Time resting spent in this place.
 E = Time spent auto-exploring this place.
 F = Levels seen in this place.
 G = Mean time per level.
                   A        B        C        D        E       F      G
               +--------+--------+--------+--------+--------+-----+--------+
         Total |   8624 |   8480 |    144 |    599 |   5823 |  11 |  784.0 |
       Dungeon |   7806 |   7662 |    144 |    538 |   5452 |   9 |  867.3 |
         Sewer |    444 |    444 |      0 |      0 |    175 |   1 |  444.0 |
        Bailey |    373 |    373 |      0 |     61 |    195 |   1 |  373.0 |
               +--------+--------+--------+--------+--------+-----+--------+

Top non-repeatable levels by time:
     D:3: 1217 daAuts
     D:6: 1152 daAuts
     D:8: 1105 daAuts
     D:2: 1099 daAuts
     D:7: 1029 daAuts
     D:5: 737 daAuts
     D:4: 726 daAuts
     D:1: 591 daAuts
   Sewer: 444 daAuts
  Bailey: 373 daAuts
     D:9: 147 daAuts
